 Dungeon Crawl Stone Soup version 0.30-a0-462-gd5975efbca (webtiles) character file.

Game seed: 14649189433264376210

97 Jackthecabe the Chopper (level 4, -3/39 HPs)
             Began as a Hill Orc Monk on Dec 17, 2022.
             Was a Believer of Beogh.
             Slain by a phantom (4 damage)
             ... on level 4 of the Dungeon.
             The game lasted 00:05:46 (3029 turns).

Jackthecabe the Chopper (Hill Orc Monk)             Turns: 3029, Time: 00:05:49

Health: -3/39      AC:  2    Str: 15    XL:     4   Next: 68%
Magic:  4/4        EV: 12    Int: 10    God:    Beogh [**....]
Gold:   89         SH:  5    Dex: 13    Spells: 3/3 levels left

rFire   . . .      SeeInvis .    a - +0 hand axe
rCold   . . .      Faith    .    (no shield)
rNeg    . . .      Spirit   .    b - +0 robe
rPois   .          Reflect  +    (no helmet)
rElec   .          Harm     .    (no cloak)
rCorr   .          Rampage  .    (no gloves)
Will    .....                    (no boots)
Stlth   ++........               o - amulet of reflection
HPRegen 0.26/turn                (no ring)
MPRegen 0.09/turn                (no ring)

@: no status effects
A: no striking features
a: Renounce Religion, Smiting


You were on level 4 of the Dungeon.
You worshipped Beogh.
Beogh was pleased with you.
You visited 1 branch of the dungeon, and saw 4 of its levels.

You collected 89 gold pieces.


   Skills:
 - Level 3.6 Fighting
 + Level 7.0 Axes
 - Level 2.4 Dodging
 - Level 1.5 Stealth


You had 3 spell levels left.
You didn't know any spells.
Your spell library contained the following spells:

 Spells                   Type           Power      Damage    Failure   Level
 Slow                     Hex            0%         N/A       36%         1
 Confusing Touch          Hex            0%         N/A       75%         3
 Ignite Poison            Fire/Tmut/Pois 0%         N/A       75%         3
 Kindle Blastsparks       Fire/Tloc/Air  0%         2d10      75%         3
 Vampiric Draining        Necr           0%         2d6       75%         3
 Freezing Cloud           Conj/Ice/Air   0%         6-21      100%        5

Inventory:

Hand Weapons
 a - a +0 hand axe (weapon)
Missiles
 g - 10 javelins (quivered)
Armour
 b - a +0 robe (worn)
Jewellery
 o - an amulet of reflection (around neck)
Scrolls
 d - a scroll of blinking {unknown}
 e - 2 scrolls of fog {unknown}
 f - a scroll of enchant armour {unknown}
 j - 2 scrolls of identify {unknown}
 k - a scroll of teleportation {unknown}
 l - a scroll of poison {unknown}
Potions
 c - a potion of ambrosia
 h - 2 potions of heal wounds {unknown}
 i - a potion of brilliance {unknown}
 m - a potion of mutation {unknown}
 n - a potion of flight {unknown}

Dungeon Overview and Level Annotations

Branches:
Dungeon (4/15)
 Temple: D:4-7

Altars:
Trog

Annotations:
D:2 Sigmund

#..##..###......#
................#
#..##...##.###..###
#..#..............#
#..#....#..###..#####
#..#................#
#..#...##..###.######
...............l.#
.......##..###.#@#
#.##.........#.#W#
#..........###.#.#
#.....###..###.#.# .
.............#.# #
...####.###.#.# . .
#.# #.#.#
...####ยง###.#.######
....l..)............#


You could see a phantom and an iguana.


Message History

* * * LOW HITPOINT WARNING * * *
You hit the phantom.
The phantom is moderately damaged.
Okay, then.
Okay, then.
Unknown command.
Unknown command.
Unknown command.
Press: ? - help, v - describe, . - travel
Here: a phantom (moderately damaged)
The floor.
Unknown command.
You closely miss the phantom.
The phantom is moderately damaged.
You block the phantom's attack.
You miss the phantom.
The phantom is moderately damaged.
The phantom hits you.
* * * LOW HITPOINT WARNING * * *
You barely miss the phantom. Your punch misses the phantom.
The phantom is moderately damaged.
The phantom closely misses you.
You hit the phantom.
The phantom is moderately damaged.
You hit the iguana.
The iguana hisses menacingly.
The iguana bites you!
* * * LOW HITPOINT WARNING * * *
The phantom hits you.
You die...

Skill      XL: |  1  2  3  4 |
---------------+-------------+-----
Axes           | 5 6 7 |  7.0
Fighting       | |  3.6
Dodging        | |  2.4
Stealth        | |  1.5

Action                   |  1- 3 |  4- 6 || total
-------------------------+-------+-------++-------
Melee: Hand axe          |   103 |    89 ||   192
       Punch             |     1 |       ||     1
Throw: Javelin           |     3 |       ||     3
Invok: Convert to Beogh  |       |     1 ||     1
 Stab: Distracted        |     1 |       ||     1
       Sleeping          |     3 |     1 ||     4
Armor: Robe              |    24 |    11 ||    35
Dodge: Dodged            |    83 |    54 ||   137
Block: Other             |     2 |    17 ||    19

Levels and vault maps discovered:
D:1:      ncdulo_halloftheorcs, layout_rooms, chequers_hall_statues_y
D:2:      layout_basic, basic_ecumenical_altar, uniq_sigmund
D:3:      layout_basic, tgw_trog, chequers_garden, item_on_display_a,
          uniq_terence
D:4:      layout_basic, lemuel_doored_altar, grunt_temple_overflow_open,
          minmay_tree_intersection, kennysheep_doodads

Notes
Turn   | Place    | Note
-------+----------+-------------------------------------------
     0 | D:1      | Jackthecabe the Hill Orc Monk began the quest for the Orb.
     0 | D:1      | Reached XP level 1. HP: 19/19 MP: 1/1
    44 | D:1      | HP: 1/19 [constriction (1)]
    49 | D:1      | HP: 1/19 [constriction (1)]
   320 | D:1      | Reached XP level 2. HP: 26/26 MP: 2/2
   527 | D:1      | Reached skill level 5 in Axes
   931 | D:2      | Noticed Sigmund
  1134 | D:3      | Reached XP level 3. HP: 26/31 MP: 3/3
  1162 | D:3      | Noticed a moth of wrath
  1165 | D:3      | Found a bloodstained altar of Trog.
  1165 | D:3      | Noticed Terence
  1201 | D:3      | Killed Terence
  1202 | D:3      | Reached skill level 6 in Axes
  1402 | D:3      | Reached XP level 4. HP: 27/39 MP: 4/4
  2751 | D:3      | Reached skill level 7 in Axes
  2831 | D:4      | Became a worshipper of Beogh the Brigand
  2831 | D:4      | Reached * piety under Beogh
  2831 | D:4      | Reached ** piety under Beogh
  3001 | D:4      | Noticed a phantom
  3029 | D:4      | HP: 1/39 [iguana (8)]
  3029 | D:4      | Slain by a phantom

Vanquished Creatures
  Terence (D:3)
  2 adders
  2 worms (D:3)
  A dart slug (D:3)
  3 orcs (D:3)
  2 endoplasms
  2 giant cockroaches
  6 goblins
  8 jackals
  4 quokkas
  3 ball pythons
  2 bats
  4 kobolds
  4 rats (D:3)
44 creatures vanquished.

Vanquished Creatures (others)
  An orc wizard (D:4)
  A ball python (D:4)
2 creatures vanquished.

Grand Total: 46 creatures vanquished

Table legend: (Time is in decaauts)
 A = Elapsed time spent in this place.
 B = Non-inter-level travel time spent in this place.
 C = Inter-level travel time spent in this place.
 D = Time resting spent in this place.
 E = Time spent auto-exploring this place.
 F = Levels seen in this place.
 G = Mean time per level.
                   A        B        C        D        E       F      G
               +--------+--------+--------+--------+--------+-----+--------+
         Total |   3035 |   2910 |    125 |    768 |   1491 |   4 |  758.8 |
       Dungeon |   3035 |   2910 |    125 |    768 |   1491 |   4 |  758.8 |
               +--------+--------+--------+--------+--------+-----+--------+

Top non-repeatable levels by time:
     D:3: 1598 daAuts
     D:1: 935 daAuts
     D:4: 366 daAuts
     D:2: 135 daAuts

Table legend:
 A = Non-vault XP
 B = Vault XP
 C = Vault XP percentage of total XP
 D = Non-vault monster count
 E = Vault monster count
 F = Vault count percentage of total count
                 A         B        C        D         E       F
            +---------+---------+-------+---------+---------+-------
      Total |      94 |      45 |  32.4 |      38 |       6 |  13.6
            +---------+---------+-------+---------+---------+-------
        D:1 |      26 |       0 |   0.0 |      15 |       0 |   0.0
        D:2 |       3 |       0 |   0.0 |       2 |       0 |   0.0
        D:3 |      43 |      45 |  51.1 |      15 |       6 |  28.6
        D:4 |      22 |       0 |   0.0 |       6 |       0 |   0.0
            +---------+---------+-------+---------+---------+-------
